 Dungeon Crawl Stone Soup version 0.24.0-1-gfbc8707 (webtiles) character file.

Game seed: 7145961471606889207, levelgen mode: deterministic

330 Fang the Skirmisher (level 6, -8/39 HPs)
             Began as a Gargoyle Berserker on Oct 31, 2019.
             Was a Follower of Trog.
             Killed by divine providence
             ... invoked by an orc priest
              (11 damage)
             ... on level 3 of the Dungeon.
             The game lasted 00:02:39 (2797 turns).

Fang the Skirmisher (Gargoyle Berserker)            Turns: 2797, Time: 00:02:39

Health: -8/39      AC:  6    Str: 22    XL:     6   Next: 51%
Magic:  6/6        EV: 12    Int:  8    God:    Trog [*.....]
Gold:   118        SH:  0    Dex:  9    Spells: 5/5 levels left

rFire    . . .     SeeInvis .   a - +0 hand axe
rCold    . . .     Gourm    .   (no shield)
rNeg     + . .     Faith    .   b - +0 animal skin
rPois    ∞         Spirit   .   (no helmet)
rElec    +         Reflect  .   (no cloak)
rCorr    +         Harm     .   (no gloves)
MR       .....                  (no boots)
Stlth    +.........             (no amulet)
HPRegen  0.13/turn              s - ring of resist corrosion
MPRegen  0.10/turn              (no ring)

@: no status effects
A: negative energy resistance 1, electricity resistance, unbreathing,
petrification resistance, rot immunity, AC +4
a: Berserk, Renounce Religion


You were on level 3 of the Dungeon.
You worshipped Trog.
Trog was aware of your devotion.
You were not hungry.

You visited 1 branch of the dungeon, and saw 3 of its levels.

You collected 118 gold pieces.

Inventory:

Hand Weapons
 a - a +0 hand axe (weapon)
Armour
 b - a +0 animal skin (worn)
Jewellery
 s - a ring of resist corrosion (left hand)
Scrolls
 f - a scroll of fear {unknown}
 h - 2 scrolls of amnesia {unknown}
 i - 5 scrolls of identify {unknown}
 k - a scroll of fog {unknown}
 l - a scroll of random uselessness {unknown}
 o - 2 scrolls of teleportation {unknown}
 p - 2 scrolls of remove curse {unknown}
 q - 3 scrolls of enchant armour {unknown}
 r - a scroll of magic mapping {unknown}
 v - a scroll of blinking {unknown}
Potions
 d - a potion of heal wounds {unknown}
 e - a potion of degeneration {unknown}
 g - a potion of might {unknown}
 j - 4 potions of curing {unknown}
 n - a potion of lignification {unknown}
 t - a potion of resistance {unknown}
 u - 2 potions of agility {unknown}
Comestibles
 c - 5 rations
 m - 10 chunks of flesh


   Skills:
 + Level 4.7 Fighting
 + Level 3.9 Axes
 + Level 4.0 Armour
 + Level 3.0 Dodging


You had 5 spell levels left.
You didn't know any spells.
Your spell library was empty.

Dungeon Overview and Level Annotations

Branches:
Dungeon (3/15)

Altars:
Ashenzari
Cheibriados
Yredelemnul


Innate Abilities, Weirdness & Mutations

You are resistant to torment.
Your stone body is resilient. (AC +4)
You are immune to poison.
You resist negative energy. (rN+)
You are resistant to electric shocks. (rElec)
You can survive without breathing.
You are immune to petrification.
You are immune to rotting.


Message History

You hit the orc priest but do no damage.
The orc priest mumbles some strange prayers to Beogh against you.
Beogh smites you!
* * * LOW HITPOINT WARNING * * *
You hit the orc priest.
The orc priest is lightly wounded.
The orc priest hits you but does no damage.
You barely miss the orc priest.
The orc priest is lightly wounded.
The orc priest hits you.
* * * LOW HITPOINT WARNING * * *
You hit the orc priest but do no damage.
The orc priest casts a cantrip, but nothing happens.
You hit the orc priest but do no damage.
The orc priest hits you but does no damage.
You hit the orc priest.
The orc priest is lightly wounded.
The orc priest calls down the wrath of Beogh upon you.
Beogh smites you!
You die...

..# #.# .# #.#
#.# #.# # #.# .
#÷# .# . #.# ##
... #.# #
.....##########.#
#%....o@........#
#...#############
#


You could see an orc priest.

Vanquished Creatures
  Sigmund (D:3)
  A howler monkey (D:3)
  Jessica (D:3)
  An orc wizard (D:3)
  Robin (D:3)
  An adder (D:3)
  A worm (D:2)
  4 dart slugs
  2 leopard geckos
  2 orcs (D:3)
  4 bats
  11 goblins
  9 hobgoblins
  5 jackals
  2 ball pythons (D:2)
  A frilled lizard (D:1)
  3 kobolds
  4 rats
54 creatures vanquished.

Notes
Turn   | Place    | Note
-------+----------+-------------------------------------------
     0 | D:1      | Fang the Gargoyle Berserker began the quest for the Orb.
     0 | D:1      | Reached XP level 1. HP: 14/14 MP: 1/1
    41 | D:1      | Reached XP level 2. HP: 6/19 MP: 2/2
  1261 | D:2      | Found a basalt altar of Yredelemnul.
  1265 | D:2      | Reached XP level 3. HP: 23/23 MP: 3/3
  2089 | D:3      | Found a snail-covered altar of Cheibriados.
  2106 | D:3      | Reached * piety under Trog
  2177 | D:3      | Noticed Sigmund
  2186 | D:3      | Killed Sigmund
  2186 | D:3      | Reached XP level 4. HP: 30/30 MP: 4/4
  2186 | D:3      | Reached XP level 5. HP: 34/34 MP: 5/5
  2219 | D:3      | Noticed Robin
  2229 | D:3      | Killed Robin
  2265 | D:3      | Reached XP level 6. HP: 29/39 MP: 6/6
  2625 | D:3      | Noticed Jessica
  2631 | D:3      | Killed Jessica
  2675 | D:3      | Found a shattered altar of Ashenzari.
  2797 | D:3      | Killed from afar by an orc priest

Levels and vault maps discovered:
D:1:      evilmike_arrival_plus, layout_basic, serial_bayou,
          serial_bayou_lake_a, serial_bayou_lagoon_b, serial_bayou_pond_e,
          serial_bayou_pond_c
D:2:      layout_loops_corners, yredelemnul_altar_generic, first_ration,
          minmay_misc_feat_doors, columned_hall_lemuel,
          small_statue_intersection, minmay_tetromino_s2
D:3:      layout_loops_ring, lemuel_crystal_altar,
          nicolae_overflow_hidden_temple, uniq_jessica, uniq_sigmund, uniq_robin

Skill      XL: |  1  2  3  4  5  6 |
---------------+-------------------+-----
Axes           | 3 |  3.9
Dodging        | 2 3 |  3.0
Fighting       | 4 |  4.7
Armour         | 3 4 |  4.0

Action                   |  1- 3 |  4- 6 || total
-------------------------+-------+-------++-------
Melee: Hand axe          |   102 |    93 ||   195
Invok: Berserk           |     1 |       ||     1
  Eat: Chunk             |     4 |     3 ||     7
Armor: Animal skin       |    40 |    28 ||    68
Dodge: Dodged            |    99 |    49 ||   148
